 Dungeon Crawl Stone Soup version 0.29-a0-1027-gcd8c55af63 (webtiles) character file.

Game seed: 12380910115407533587

10304 quixfox the Destroyer (level 11, -13/78 HPs)
             Began as a Demonspawn Conjurer on Aug 12, 2022.
             Was a High Priest of Vehumet.
             Mangled by an orc warlord
             ... wielding a +5 broad axe
              (29 damage)
             ... in a bailey on Aug 13, 2022.
             The game lasted 01:01:46 (11717 turns).

quixfox the Destroyer (Demonspawn Conjurer)        Turns: 11717, Time: 01:01:47

Health: -13/78     AC: 15    Str:  9    XL:     11   Next: 34%
Magic:  6/22       EV: 15    Int: 23    God:    Vehumet [*****.]
Gold:   591        SH: 22    Dex: 11    Spells: 13/25 levels left

rFire   . . .      SeeInvis .   A - staff of conjuration
rCold   . . .      Faith    .   p - +2 buckler
rNeg    . . .      Spirit   .   q - +2 robe {Will+}
rPois   .          Reflect  +   l - +1 helmet
rElec   .          Harm     .   f - +1 cloak
rCorr   .          Rampage  .   m - +1 pair of gloves
Will    +....                   E - +0 pair of boots
Stlth   ++........              D - amulet of reflection
HPRegen 0.23/turn               a - ring of wizardry
MPRegen 0.18/turn               w - +4 ring of evasion

@: hasted (expiring), very quick
A: large bone plates 2, foul stench 2, icemail 1, condensation shield, weakness
stinger 2
a: Renounce Religion


You were in a bailey.
You worshipped Vehumet.
Vehumet was extremely pleased with you.
You visited 1 branch of the dungeon, and saw 10 of its levels.
You also visited: Sewer and Bailey.

You collected 591 gold pieces.

Inventory:

Hand Weapons
 n - a +3 flail of protection
Armour
 f - a +1 cloak (worn)
 l - a +1 helmet (worn)
 m - a +1 pair of gloves (worn)
 p - a +2 buckler (worn)
 q - a +2 robe of willpower (worn)
 E - a +0 pair of boots (worn)
Magical Staves
 A - a staff of conjuration (weapon)
Jewellery
 a - a ring of wizardry (left hand)
 w - a +4 ring of evasion (right hand)
 x - a ring of poison resistance
 y - a +6 ring of strength
 D - an amulet of reflection (around neck)
Wands
 c - a wand of mindburst (12)
 k - a wand of light (7)
 o - a wand of flame (47)
 B - a wand of roots (6)
 C - a wand of polymorph (12)
 F - a wand of digging (9)
Scrolls
 d - 2 scrolls of identify
 g - a scroll of fog
 r - a scroll of poison
 t - a scroll of vulnerability
 v - a scroll of summoning
Potions
 e - 4 potions of mutation
 h - a potion of flight
 i - 4 potions of curing
 j - 2 potions of heal wounds
 u - a potion of resistance
 z - a potion of ambrosia


   Skills:
 - Level 4.5 Fighting
 - Level 1.7 Dodging
 - Level 1.7 Stealth
 + Level 4.5 Shields
 + Level 7.8 Spellcasting
 + Level 9.2 Conjurations
 + Level 3.0 Fire Magic
 + Level 5.7 Ice Magic
 - Level 4.0 Air Magic
 + Level 6.8 Earth Magic
 - Level 2.3 Evocations


You had 13 spell levels left.
You knew the following spells:

 Your Spells              Type           Power      Damage    Failure   Level
a - Magic Dart            Conj           100%       1d8       1%          1
b - Sandblast             Erth           80%        2d17      1%          1
c - Freezing Cloud        Conj/Ice/Air   27%        6-21      2%          5
d - Passwall              Tmut/Erth      20%        N/A       1%          2
e - Conjure Flame         Conj/Fire      54%        6-21      1%          3

Your spell library contained the following spells:

 Spells                   Type           Power      Damage    Failure   Level
 Yara's Violent Unravell  Hex/Tmut       4%         3d4       24%         5
 Searing Ray              Conj           100%       2d8       1%          2
 Dazzling Flash           Conj/Hex       90%        N/A       1%          3
 Mephitic Cloud           Conj/Pois/Air  43%        N/A       1%          3
 Stone Arrow              Conj/Erth      100%       3d13      1%          3
 Fulminant Prism          Conj/Hex       22%        3d13      1%          4
 Iskenderun's Mystic Bla  Conj/Tloc      45%        2d10      1%          4
 Ignite Poison            Fire/Tmut/Pois 13%        N/A       2%          3
 Leda's Liquefaction      Hex/Erth       12%        N/A       9%          4
 Call Canine Familiar     Summ           9%         N/A       11%         3
 Portal Projectile        Hex/Tloc       18%        N/A       11%         3


Dungeon Overview and Level Annotations

Branches:
Dungeon (10/15)            Temple (0/1) D:5            Lair (0/5) D:8
  Sewer (visited)          Bailey (1/1)
    Orc: D:9-12

Altars:
Ashenzari
Dithmenos
Fedhas
Gozag
Kikubaaqudgha
Okawaru
Sif Muna
Trog
Vehumet
Xom
Yredelemnul

Shops:
D:8 (

Annotations:
D:6 1 runed translucent door, mathmaestro's ghost, novice DsNe
D:8 2 transporters, IdlyInterested's ghost, novice DsGl


Innate Abilities, Weirdness & Mutations

You are mostly covered in large bone plates. (SH +6)
You sometimes emit foul miasma when damaged in melee.
A meltable icy envelope protects you from harm. (AC +4)
A meltable shield of frost defends you. (SH +4)
You have a tail ending in a sharp stinger.


Message History

a +0 plate armour; a +0 war axe
Things that are here:
a +0 leather armour; a +0 hand axe A goblin comes into view.
It is wielding a +0 hand axe.
There is an open door here.
Items here: )) [[.
Your magical contamination has completely faded away.
Things that are here:
a +0 leather armour; a +0 hand axe
Casting: Sandblast (safe; 1% risk of failure)
Confirm with . or Enter, or press ? or * to list all spells.
Okay, then.
Casting: Sandblast (safe; 1% risk of failure)
Confirm with . or Enter, or press ? or * to list all spells.
Aiming: Freezing Cloud (dangerous; 2% risk of failure)
Press: ? - help, Dir - move target, f/p - orc warlord
Aim: an orc warlord, wielding a +5 broad axe and wearing a +0 chain mail (heavily wounded)
You feel a surge of power!
The goblin shouts!
The orc warlord is engulfed in freezing vapours.
Aiming: Sandblast (safe; 1% risk of failure)
Press: ? - help, Q - select action, (/) - cycle Shift-Dir - straight line, f/p - orc warlord
Aim: an orc warlord, wielding a +5 broad axe and wearing a +0 chain mail (freezing vapour, severely wounded, 89% to hit)
The blast of sand hits the orc warlord but does no damage.
The orc warlord is severely wounded.
Your extra speed is starting to run out.
The orc warlord is engulfed in freezing vapours. x2
Aiming: Sandblast (safe; 1% risk of failure)
Press: ? - help, Q - select action, (/) - cycle Shift-Dir - straight line, f/p - orc warlord
Aim: an orc warlord, wielding a +5 broad axe and wearing a +0 chain mail (almost dead, 89% to hit)
The blast of sand hits the orc warlord.
The orc warlord is almost dead.
You block the orc warlord's attack.
Aiming: Sandblast (safe; 1% risk of failure)
Press: ? - help, Q - select action, (/) - cycle Shift-Dir - straight line, f/p - orc warlord
Aim: an orc warlord, wielding a +5 broad axe and wearing a +0 chain mail (almost dead, 89% to hit)
The blast of sand hits the orc warlord but does no damage.
The orc warlord is almost dead.
The orc warlord hits you with a +5 broad axe!!
You die...

##)....## ##... #..[....#
#.... ##..[....## ##....
#.........# #.....
##.........## ##.o...
#.....⌠.....#######.....⌠
##.........##.[...##.....
#......g[.#...[...#.....
##.....@o##.......##....
#.......§§§§§.....[[...
##.....##§§§....[[##...
#######..[.§⌠.....####
##.....[...## #......[[.#
##.......## #.......#
##.....##


You could see an orc warlord and a goblin.

Vanquished Creatures
  A centaur warrior (D:9)
  A two-headed ogre (D:9)
  An orc knight (Bailey)
  A cyclops (D:9)
  2 ugly things
  2 komodo dragons (D:8)
  A hornet (D:7)
  A wyvern (D:9)
  6 yaks
  Eustachio (D:5)
  3 steam dragons
  3 vampire mosquitoes (D:8)
  3 water moccasins
  11 orc warriors
  4 sky beasts
  Pargi (Sewer)
  3 black bears
  3 centaurs (D:9)
  An ice beast (D:8)
  2 ogres (D:6)
  4 kobold brigands
  2 phantoms
  5 bullfrogs
  2 necrophages (D:6)
  4 scorpions
  3 wights (D:9)
  A killer bee (D:9)
  6 howler monkeys
  A jelly (D:7)
  A hound (D:7)
  9 orc priests
  Jessica (D:3)
  2 iguanas (D:6)
  Ijyb (D:3)
  4 orc wizards
  5 gnolls (Bailey)
  8 adders
  3 white imps
  2 ufetubi (D:5)
  2 worms
  2 dart slugs
  37 orcs
  6 endoplasms
  3 giant cockroaches
  34 goblins
  17 hobgoblins
  7 jackals
  20 kobolds
  6 quokkas
  5 ball pythons
  4 bats
  5 frilled lizards
  7 rats
270 creatures vanquished.

Vanquished Creatures (others)
  15 fungi (D:8)
  22 plants (D:8)
37 creatures vanquished.

Grand Total: 307 creatures vanquished

Notes
Turn   | Place    | Note
-------+----------+-------------------------------------------
     0 | D:1      | quixfox the Demonspawn Conjurer began the quest for the
                  | Orb.
     0 | D:1      | Reached XP level 1. HP: 13/13 MP: 3/3
   290 | D:1      | Gained mutation: You are partially covered in large bone
                  | plates. (SH +4) [demonic ancestry]
   290 | D:1      | Reached XP level 2. HP: 19/19 MP: 1/5
  1214 | D:1      | Found a faded altar of an unknown god.
  1454 | D:2      | Gained mutation: A meltable shield of frost defends you.
                  | (SH +4) [demonic ancestry]
  1454 | D:2      | Reached XP level 3. HP: 24/24 MP: 2/7
  1511 | D:2      | Found a radiant altar of Vehumet.
  1519 | D:2      | Became a worshipper of Vehumet
  2215 | D:2      | Gained mutation: You may rarely emit foul miasma when
                  | damaged in melee. [demonic ancestry]
  2215 | D:2      | Reached XP level 4. HP: 30/30 MP: 0/8
  2625 | D:3      | Reached skill level 5 in Conjurations
  2899 | D:3      | Found a blossoming altar of Fedhas.
  2924 | D:3      | Found a shadowy altar of Dithmenos.
  2926 | D:3      | Found a broken altar of Ashenzari.
  2927 | D:3      | Found a shimmering blue altar of Sif Muna.
  2928 | D:3      | Found a basalt altar of Yredelemnul.
  2928 | D:3      | Found an opulent altar of Gozag.
  3225 | D:3      | Reached XP level 5. HP: 35/35 MP: 7/10
  3256 | D:3      | Reached * piety under Vehumet
  3256 | D:3      | Offered knowledge of Sandblast by Vehumet.
  3259 | D:3      | Learned a level 1 spell: Sandblast
  3401 | D:3      | Noticed Ijyb
  3469 | D:3      | Killed Ijyb
  3817 | D:3      | Found a shimmering altar of Xom.
  3863 | D:3      | Noticed Jessica
  3865 | D:3      | Killed Jessica
  4033 | D:3      | Reached skill level 1 in Earth Magic
  4458 | D:3      | Reached skill level 1 in Evocations
  4520 | D:4      | Gained mutation: A meltable icy envelope protects you from
                  | harm. (AC +4) [demonic ancestry]
  4520 | D:4      | Reached XP level 6. HP: 41/41 MP: 7/12
  4876 | D:4      | Reached ** piety under Vehumet
  4917 | D:4      | Offered knowledge of Static Discharge by Vehumet.
  5239 | D:5      | Entered Level 5 of the Dungeon
  5475 | D:5      | Reached skill level 6 in Conjurations
  5475 | D:5      | Gained mutation: You have a small tail. [demonic ancestry]
  5475 | D:5      | Reached XP level 7. HP: 32/46 MP: 2/13
  5497 | D:5      | Found a staircase to the Ecumenical Temple.
  5547 | D:5      | Found a glowing drain.
  5562 | Sewer    | Entered a sewer
  5692 | Sewer    | Noticed Pargi
  5697 | Sewer    | Killed Pargi
  5697 | Sewer    | Offered knowledge of Stone Arrow by Vehumet.
  5760 | D:5      | Noticed Eustachio
  5773 | D:5      | Killed Eustachio
  5833 | D:5      | Reached skill level 5 in Spellcasting
  6687 | D:6      | Learned a level 5 spell: Freezing Cloud
  6720 | D:6      | Gained mutation: You have a tail ending in a sharp stinger.
                  | [demonic ancestry]
  6720 | D:6      | Reached XP level 8. HP: 27/52 MP: 10/15
  6968 | D:6      | Found a bloodstained altar of Trog.
  6986 | D:6      | Found a shimmering altar of Xom.
  6986 | D:6      | Noticed mathmaestro's ghost (novice DsNe)
  6986 | D:6      | Noticed a +2 whip of chaos
  6987 | D:6      | Found a runed translucent door.
  7106 | D:6      | Reached skill level 1 in Air Magic
  7176 | D:6      | Reached skill level 1 in Ice Magic
  7323 | D:6      | Reached skill level 1 in Fighting
  7323 | D:6      | Reached skill level 7 in Conjurations
  7616 | D:6      | Found an ancient bone altar of Kikubaaqudgha.
  7838 | D:7      | Reached *** piety under Vehumet
  7862 | D:7      | Noticed a hornet
  7869 | D:7      | Killed a hornet
  7870 | D:7      | Gained mutation: You sometimes emit foul miasma when
                  | damaged in melee. [demonic ancestry]
  7870 | D:7      | Reached XP level 9. HP: 38/62 MP: 14/18
  8670 | D:8      | Noticed a komodo dragon
  8673 | D:8      | Killed a komodo dragon
  8674 | D:8      | Reached skill level 1 in Shields
  8680 | D:8      | Noticed a komodo dragon
  8681 | D:8      | Reached skill level 5 in Earth Magic
  8684 | D:8      | Killed a komodo dragon
  8685 | D:8      | Offered knowledge of Frozen Ramparts by Vehumet.
  8724 | D:8      | Found a staircase to the Lair.
  8810 | D:8      | Learned a level 2 spell: Passwall
  8840 | D:8      | Reached skill level 8 in Conjurations
  8906 | D:8      | Reached XP level 10. HP: 65/71 MP: 15/20
  8920 | D:8      | Found Targhyt's Antique Weapon Boutique.
  9222 | D:8      | Found a transporter.
  9233 | D:8      | Noticed IdlyInterested's ghost (novice DsGl)
  9238 | D:8      | Noticed a moth of wrath
  9245 | D:8      | Found a transporter.
  9775 | D:9      | Reached **** piety under Vehumet
  9863 | D:9      | Offered knowledge of Conjure Flame by Vehumet.
  9875 | D:9      | Learned a level 3 spell: Conjure Flame
 10117 | D:9      | Found a radiant altar of Vehumet.
 10143 | D:9      | Found an iron altar of Okawaru.
 10213 | D:9      | Noticed a two-headed ogre
 10220 | D:9      | Noticed a centaur warrior
 10222 | D:9      | Killed a centaur warrior
 10223 | D:9      | Reached skill level 1 in Fire Magic
 10229 | D:9      | Noticed a purple ugly thing
 10229 | D:9      | Killed a two-headed ogre
 10229 | D:9      | Noticed a brown ugly thing
 10230 | D:9      | Reached skill level 5 in Ice Magic
 10248 | D:8      | Killed a purple ugly thing
 10574 | D:9      | Gained mutation: You are mostly covered in large bone
                  | plates. (SH +6) [demonic ancestry]
 10574 | D:9      | Reached XP level 11. HP: 78/78 MP: 20/22
 10624 | D:9      | Noticed a rakshasa
 10642 | D:9      | Reached skill level 9 in Conjurations
 10811 | D:9      | Killed a brown ugly thing
 10861 | D:10     | Entered Level 10 of the Dungeon
 10921 | D:10     | Found a flagged portal.
 10956 | Bailey   | Entered a bailey
 11375 | Bailey   | Reached ***** piety under Vehumet
 11449 | Bailey   | Offered knowledge of Yara's Violent Unravelling by Vehumet.
 11454 | Bailey   | Noticed an orc knight
 11466 | Bailey   | Killed an orc knight
 11659 | Bailey   | Noticed an orc warlord
 11717 | Bailey   | Mangled by an orc warlord

Illustrated notes

Levels and vault maps discovered:
D:1:      minmay_arrival_checkered_box, layout_basic,
          chequers_ecumenical_altar_grove
D:2:      layout_loops_ring, serial_aquarium, aquarium_bridge_island_small
          [aquarium_subvault_small_open, aquarium_subvault_wall,
          aquarium_subvault_bridge, aquarium_subvault_wall,
          aquarium_subvault_window], aquarium_bridge_straight
          [aquarium_subvault_bridge, aquarium_subvault_wall,
          aquarium_subvault_bridge, aquarium_subvault_window],
          aquarium_window_2, aquarium_window_1, aquarium_view_2d, basic_altar,
          dreamdust_wishing_well
D:3:      kennysheep_goblin_castle, layout_basic,
          mainiacjoe_overflow_cross_hatched, grunt_temple_overflow_open,
          grunt_decor_mini_mirrors, uniq_jessica
D:4:      layout_rooms
D:5:      layout_loops_corners, elyvilon_altar_3, minmay_temple_entry_mist,
          cheibrodos_sewer_entry_drain, nicolae_hexahallways, uniq_eustachio
D:6:      layout_loops_ring, mainiacjoe_overflow_catwalk,
          mainiacjoe_overflow_chevrons, kiku_gazebo_pond_becter,
          ebering_ghost_xom
D:7:      layout_rooms, due_unseen_surprise
D:8:      layout_gridville, due_lair_maze_entry_diamond,
          gammafunk_ghost_berserking_beasts, serial_shops, shop,
          nicolae_elevator_lobby_asterisk
D:9:      layout_rooms, mainiacjoe_overflow_swirl, minmay_pinched_square
D:10:     layout_stronghold, enter_trove_3, enter_bailey_3
Bailey:   bailey_axe_minmay_hex_keep, bailey

Skill      XL: |  1  2  3  4  5  6  7  8  9 10 11 |
---------------+----------------------------------+-----
Spellcasting   | 3 4 5 6 7 |  7.8
Conjurations   | 5 6 7 8 9 |  9.2
Earth Magic    | 1 2 3 4 5 6 |  6.8
Evocations     | 1 2 |  2.3
Air Magic      | 2 3 4 |  4.0
Ice Magic      | 2 3 5 |  5.7
Fighting       | 2 3 4 |  4.5
Shields        | 2 4 |  4.5
Fire Magic     | 2 3 |  3.0
Dodging        | |  1.7
Stealth        | |  1.7

Action                   |  1- 3 |  4- 6 |  7- 9 | 10-12 || total
-------------------------+-------+-------+-------+-------++-------
Melee: Dagger            |     3 |     8 |       |       ||    11
       Flail             |       |    17 |     1 |       ||    18
 Cast: Magic Dart        |    63 |   180 |     2 |       ||   245
       Sandblast         |       |       |   162 |   139 ||   301
       Freezing Cloud    |       |       |     9 |    33 ||    42
       Conjure Flame     |       |       |       |     2 ||     2
Evoke: Wand              |       |       |     3 |       ||     3
  Use: Scroll            |       |    11 |     7 |     5 ||    23
       Potion            |       |     3 |       |     2 ||     5
 Stab: Distracted        |       |     1 |       |       ||     1
       Sleeping          |       |     1 |       |       ||     1
Armor: Robe              |     1 |    16 |    60 |    14 ||    91
Dodge: Dodged            |     5 |    25 |    91 |    32 ||   153
Block: Other             |     6 |    30 |    67 |     2 ||   105
       Buckler           |       |       |       |    55 ||    55

Table legend: (Time is in decaauts)
 A = Elapsed time spent in this place.
 B = Non-inter-level travel time spent in this place.
 C = Inter-level travel time spent in this place.
 D = Time resting spent in this place.
 E = Time spent auto-exploring this place.
 F = Levels seen in this place.
 G = Mean time per level.
                   A        B        C        D        E       F      G
               +--------+--------+--------+--------+--------+-----+--------+
         Total |  12015 |  11814 |    201 |   2932 |   4940 |  12 | 1001.2 |
       Dungeon |  11053 |  10852 |    201 |   2563 |   4940 |  10 | 1105.3 |
         Sewer |    167 |    167 |      0 |     20 |      0 |   1 |  167.0 |
        Bailey |    794 |    794 |      0 |    349 |      0 |   1 |  794.0 |
               +--------+--------+--------+--------+--------+-----+--------+

Top non-repeatable levels by time:
     D:3: 1992 daAuts
     D:1: 1449 daAuts
     D:5: 1302 daAuts
     D:8: 1261 daAuts
     D:6: 1222 daAuts
     D:2: 1157 daAuts
     D:9: 1049 daAuts
     D:7: 866 daAuts
  Bailey: 794 daAuts
     D:4: 654 daAuts
   Sewer: 167 daAuts
    D:10: 97 daAuts
